 Dungeon Crawl Stone Soup version 0.20.1-1-g8b1a95d (webtiles) character file.

4676 CephaliChill the Basher (level 10, -8/98 HPs)
             Began as a Troll Fighter on Nov 10, 2017.
             Was a Believer of Okawaru.
             Mangled by a red ugly thing (12 damage)
             ... on level 7 of the Dungeon.
             The game lasted 00:16:50 (9078 turns).

CephaliChill the Basher (Troll Fighter)             Turns: 9078, Time: 00:16:50

Health: -8/98      AC:  9    Str: 29    XL:     10   Next: 21%
Magic:  0/13       EV:  6    Int:  4    God:    Okawaru [**....]
Gold:   337        SH:  8    Dex:  9    Spells: 9/9 levels left

rFire    . . .     SeeInvis .   u - +1 morningstar
rCold    . . .     Gourm    +   c - +0 shield
rNeg     . . .     Faith    .   z - +0 steam dragon scales
rPois    +         Spirit   +   (helmet restricted)
rElec    .         Reflect  .   a - +0 cloak
rCorr    .         Harm     .   (gloves unavailable)
MR       .....                  (boots unavailable)
Stlth    +.........             t - amulet of guardian spirit
Regen    0.7/turn               w - ring of poison resistance
MPRegen  0.2/turn               (no ring)

@: heavily drained
A: unfitting armour, claws 3, fast metabolism 3, gourmand, regeneration 1,
shaggy fur 1, tough skin 2
a: Heroism, Renounce Religion


You were on level 7 of the Dungeon.
You worshipped Okawaru.
Okawaru was pleased with you.
You were very full.

You visited 2 branches of the dungeon, and saw 9 of its levels.
You also visited: Sewer.

You collected 337 gold pieces.

Inventory:

Hand Weapons
 l - a +0 giant spiked club
 u - a +1 morningstar (weapon)
Armour
 a - a +0 cloak (worn)
 c - a +0 shield (worn)
 h - a +2 robe of magic resistance
 s - a +0 robe of magic resistance
 z - +0 steam dragon scales (worn)
 B - a +0 robe of fire resistance
Jewellery
 t - an amulet of guardian spirit (around neck)
 w - a ring of poison resistance (left claw)
Wands
 n - a wand of lightning (14/15)
 r - a wand of digging (0/24)
 y - a wand of digging (13/24)
Scrolls
 b - a scroll of torment {unknown}
 d - a scroll of enchant armour {unknown}
 k - a scroll of teleportation
 m - 4 scrolls of identify
 o - 3 scrolls of blinking
 v - a scroll of fog
Potions
 j - a potion of flight
 p - a potion of curing
Books
 e - a book of Enchantments

   Spells                             Type                      Level
   a - Cause Fear                     Hexes                        4
   b - Yara's Violent Unravelling     Hexes/Transmutation          5
   c - Silence                        Hexes/Air                    5
   d - Deflect Missiles               Charms/Air                   6
   e - Discord                        Hexes                        8
 x - a book of Misfortune

   Spells                             Type                      Level
   a - Confusing Touch                Hexes                        1
   b - Confuse                        Hexes                        3
   c - Gell's Gravitas                Translocation                3
   d - Petrify                        Transmutation/Earth          4
   e - Metabolic Englaciation         Hexes/Ice                    5
   f - Yara's Violent Unravelling     Hexes/Transmutation          5
Comestibles
 f - 7 bread rations
 g - a meat ration
 A - 7 fruits


   Skills:
 + Level 6.2(4.5) Fighting
 * Level 9.4(7.5) Maces & Flails
 - Level 4.7(3.1) Throwing
 - Level 2.4(0.8) Dodging
 - Level 2.4(0.8) Shields
 - Level 6.1(4.4) Invocations


You had 9 spell levels left.
You didn't know any spells.

Dungeon Overview and Level Annotations

Branches:
Dungeon (8/15)             Temple (1/1) D:7
   Lair: D:8-11

Altars:
Cheibriados
Elyvilon
Fedhas
Hepliaklqana
Kikubaaqudgha
Makhleb
Nemelex Xobeh
Okawaru
Qazlal
Ru
Sif Muna
Trog
Uskayaw
Vehumet
Yredelemnul
Zin
The Shining One

Shops:
D:6 %


Innate Abilities, Weirdness & Mutations

You are too large for most types of armour.
You have claws for hands.
Your metabolism is lightning-fast.
You like to eat raw meat.
Your natural rate of healing is unusually fast.
You are covered in fur. (AC +1)
You have very tough skin. (AC +2)


Message History

The red ugly thing is severely wounded.
The red ugly thing claws you but does no damage.
You closely miss the red ugly thing.
The red ugly thing is severely wounded.
The red ugly thing misses you.
You sock the red ugly thing!
The red ugly thing is almost dead.
The red ugly thing claws you!
* * * LOW HITPOINT WARNING * * *
You are engulfed in flames!
* * * LOW HITPOINT WARNING * * *
You hit the red ugly thing but do no damage.
The red ugly thing is almost dead.
You barely miss the red ugly thing.
The red ugly thing is almost dead.
You feel like a meek peon again. The red ugly thing claws you!
* * * LOW HITPOINT WARNING * * *
You are engulfed in flames!
You die...

.........##..............#..##..##
.........###...........<.......##
.........# ##..................#
..###....###............###....# #
.## ###..##..########..## ##...####
..# ##..#..# #.## #....... ..##
##....### ##.# ##.......
#..#####.......#####o.## #........
##....#.....#....@uoo..# ##........
##........)#####'####..###..######.
#..###.....##.......##..##.### ##
..## #......#.......###......## #
..# #......+...>...+....###..#####
..## #.....##.......#....# ###..#..
...###.....##.......###..# ##....
...........#####'#### ##.#######...
##..........#.....## #...........


You could see a red ugly thing, an orc wizard and 2 orcs.

Vanquished Creatures
  The ghost of CephaliChill the Combatant, a novice GrFi of Okawaru (D:6)
  Joseph (D:8)
  Grinder (D:5)
  Prince Ribbit (D:7)
  A hippogriff (D:7)
  Eustachio (D:5)
  A steam dragon (D:8)
  Duvessa (D:5)
  An orc warrior (D:6)
  2 sky beasts
  A black bear (D:7)
  An ice beast (D:5)
  4 ogres
  2 phantoms
  The ghost of EyedJester the Ruffian, an amateur TrWr of Hepliaklqana (D:3)
  A centaur (D:6)
  Blork the orc (D:5)
  3 bullfrogs
  Dowan (D:5)
  A scorpion (D:6)
  13 wights
  A howler monkey (D:4)
  A centaur zombie (D:8)
  A quasit (D:7)
  5 hounds
  A jelly (D:6)
  A bullfrog skeleton (D:8)
  An orc priest (D:6)
  3 orc wizards
  An iguana (D:4)
  9 worker ants
  17 adders
  A shadow imp (D:8)
  10 oozes (Sewer)
  An adder skeleton (D:4)
  3 worms
  A dart slug (D:1)
  13 leopard geckos
  15 orcs
  19 giant cockroaches
  8 goblins
  8 hobgoblins
  24 jackals
  A quokka (D:2)
  6 ball pythons
  5 bats
  10 frilled lizards
  A jackal skeleton (D:4)
  A jackal zombie (D:6)
  9 kobolds
  6 rats
223 creatures vanquished.

Vanquished Creatures (others)
  A sky beast (D:6)
1 creature vanquished.

Grand Total: 224 creatures vanquished

Notes
Turn   | Place    | Note
-------+----------+-------------------------------------------
     0 | D:1      | CephaliChill the Troll Fighter began the quest for the Orb.
     0 | D:1      | Reached XP level 1. HP: 22/22 MP: 0/0
    17 | D:1      | Reached skill level 2 in Maces & Flails
   240 | D:1      | Reached XP level 2. HP: 29/29 MP: 1/1
   495 | D:1      | Reached skill level 3 in Maces & Flails
   793 | D:1      | Reached XP level 3. HP: 21/36 MP: 2/2
   991 | D:2      | Found a basalt altar of Yredelemnul.
  1046 | D:2      | Found a white marble altar of Elyvilon.
  1346 | D:2      | Reached skill level 4 in Maces & Flails
  1346 | D:2      | Reached XP level 4. HP: 30/44 MP: 3/3
  1623 | D:3      | Noticed EyedJester's ghost (amateur TrWr)
  1633 | D:3      | Killed EyedJester's ghost
  1633 | D:3      | Reached skill level 1 in Throwing
  1633 | D:3      | Reached XP level 5. HP: 19/52 MP: 4/4
  1836 | D:3      | Found a blossoming altar of Fedhas.
  2129 | D:3      | Found a glowing drain.
  2138 | Sewer    | Entered a sewer
  2305 | Sewer    | Reached XP level 6. HP: 61/61 MP: 5/5
  2620 | Sewer    | Reached skill level 5 in Maces & Flails
  2881 | D:3      | Reached XP level 7. HP: 29/68 MP: 3/6
  3981 | D:4      | Reached skill level 6 in Maces & Flails
  4018 | D:5      | Entered Level 5 of the Dungeon
  4082 | D:5      | Noticed Eustachio
  4096 | D:5      | Killed Eustachio
  4096 | D:5      | Reached XP level 8. HP: 65/79 MP: 5/7
  4196 | D:5      | Found a deep blue altar of Sif Muna.
  4258 | D:5      | Noticed Blork the orc
  4265 | D:5      | Killed Blork the orc
  4346 | D:5      | Noticed Duvessa
  4347 | D:5      | Noticed Dowan
  4348 | D:5      | Noticed Grinder
  4365 | D:5      | Killed Grinder
  4365 | D:5      | Reached skill level 5 in Fighting
  4365 | D:5      | Reached skill level 7 in Maces & Flails
  4383 | D:5      | Killed Duvessa
  4408 | D:5      | Killed Dowan
  5391 | D:6      | Noticed CephaliChill's ghost (novice GrFi)
  5443 | D:6      | Reached skill level 8 in Maces & Flails
  5443 | D:6      | Reached XP level 9. HP: 45/88 MP: 3/8
  5641 | D:7      | Noticed Prince Ribbit
  5646 | D:7      | Killed Prince Ribbit
  6193 | D:7      | Found a staircase to the Ecumenical Temple.
  6205 | Temple   | Entered the Ecumenical Temple
  6320 | Temple   | Became a worshipper of Warmaster Okawaru
  7347 | D:6      | Found Ureu's Food Emporium.
  7896 | D:6      | Reached * piety under Okawaru
  7896 | D:6      | Reached skill level 5 in Invocations
  7992 | D:6      | Killed CephaliChill's ghost
  8289 | D:8      | Reached XP level 10. HP: 93/98 MP: 11/13
  8307 | D:8      | Noticed Joseph
  8319 | D:8      | Killed Joseph
  8319 | D:8      | Reached ** piety under Okawaru
  8319 | D:8      | Reached skill level 9 in Maces & Flails
  8825 | D:8      | Noticed a red ugly thing
  9078 | D:7      | HP: 4/98 [red ugly thing (7)]
  9078 | D:7      | Mangled by a red ugly thing

Skill      XL: |  1  2  3  4  5  6  7  8  9 10 |
---------------+-------------------------------+-----
Maces & Flails | 2 3 4 5 6 8 9 |  9.4
Throwing       | 1 2 3 4 |  4.7
Fighting       | 3 4 5 6 |  6.2
Invocations    | 6 |  6.1
Dodging        | |  2.4
Shields        | |  2.4

Action                   |  1- 3 |  4- 6 |  7- 9 | 10-12 || total
-------------------------+-------+-------+-------+-------++-------
Melee: Flail             |   131 |   301 |    24 |       ||   456
       Morningstar       |       |       |   449 |    59 ||   508
Throw: Large rock        |       |       |     6 |     4 ||    10
Invok: Heroism           |       |       |     2 |     4 ||     6
  Use: Potion            |       |     3 |     9 |     3 ||    15
       Scroll            |       |     3 |    11 |       ||    14
  Eat: Chunk             |    12 |    22 |    30 |    11 ||    75
       Royal jelly       |       |       |     3 |       ||     3
       Meat ration       |       |       |     2 |       ||     2
Armor: Robe              |    63 |   132 |   197 |       ||   392
       Skin              |       |       |    19 |       ||    19
       Steam dragon scal |       |       |       |    30 ||    30
Dodge: Dodged            |    56 |   126 |   222 |    20 ||   424
Block: Shield            |    71 |   161 |   289 |    17 ||   538
